 Dungeon Crawl Stone Soup version 0.20.0 (webtiles) character file.

35285 Llamajah the Cleaver (level 14, -22/111 HPs)
             Began as a Formicid Fighter on June 15, 2017.
             Was a High Priest of Okawaru.
             Annihilated by Rupert
             ... wielding a +0 great mace of protection
              (28 damage)
             ... on level 4 of the Lair of Beasts.
             The game lasted 01:14:03 (20208 turns).

Llamajah the Cleaver (Formicid Fighter)            Turns: 20208, Time: 01:14:04

Health: -22/111    AC: 19    Str: 38    XL:     14   Next: 17%
Magic:  18/18      EV: 15    Int:  9    God:    Okawaru [*****.]
Gold:   867        SH: 18    Dex: 10    Spells: 13/13 levels left

rFire    . . .     SeeInvis +   S - +1 battleaxe (flame)
rCold    . . .     Gourm    .   c - +0 shield
rNeg     . . .     Faith    .   k - +2 plate armour "Gashas" {+Fly rPois}
rPois    +         Spirit   .   (helmet unavailable)
rElec    .         Reflect  +   d - +0 cloak
rCorr    .         Harm     .   N - +0 pair of gloves {Str+3}
MR       +....                  (no boots)
Stlth    ..........             P - +4 amulet of reflection
Regen    0.3/turn               a - +5 ring of strength
MPRegen  0.2/turn               t - +3 ring of evasion

@: mighty
A: permanent stasis, dig shafts and tunnels, four strong arms, antennae 3
a: Dig, Shaft Self, Heroism, Finesse, Renounce Religion, Evoke Flight


You were on level 4 of the Lair of Beasts.
You worshipped Okawaru.
Okawaru was extremely pleased with you.
You were not hungry.

You visited 3 branches of the dungeon, and saw 16 of its levels.

You collected 961 gold pieces.
You spent 94 gold pieces at shops.

Inventory:

Hand Weapons
 S - a +1 battleaxe of flaming (weapon)
Armour
 c - a +0 shield (worn)
 d - a +0 cloak (worn)
 i - the +6 chain mail of Rotation {Regen+ Int+3, unknown}
   (Okawaru gifted it to you on level 3 of the Lair of Beasts)

   It affects your intelligence (+3).
   It increases your rate of regeneration.
 j - a +2 pair of gloves
 k - the +2 plate armour "Gashas" (worn) {+Fly rPois}
   (You found it on level 9 of the Dungeon)

   It protects you from poison.
   It lets you fly.
 N - a +0 pair of gloves of strength (worn)
Jewellery
 a - a +5 ring of strength (left hand)
 e - an uncursed ring of magical power
 t - a +3 ring of evasion (right hand)
 P - a +4 amulet of reflection (around neck)
 Y - a +4 ring of strength
Wands
 b - a wand of paralysis (13/24)
 m - a wand of disintegration (24/24)
 p - a wand of lightning (4/15)
Scrolls
 g - 7 scrolls of remove curse
 o - 3 scrolls of recharging
 s - 2 scrolls of enchant armour {unknown}
 x - a scroll of silence {unknown}
 A - 6 scrolls of identify
 H - 5 scrolls of fear
 I - 3 scrolls of magic mapping
 O - a scroll of brand weapon {unknown}
 X - a scroll of enchant weapon {unknown}
Potions
 h - 7 potions of curing
 n - a potion of resistance
 q - a potion of cancellation
 r - 4 potions of brilliance
 v - a potion of flight {unknown}
 G - 3 potions of lignification {unknown}
 Z - a potion of ambrosia {unknown}
Comestibles
 f - 8 bread rations
 l - 31 fruits
 u - 5 chunks of flesh
 w - 7 meat rations
 R - 3 royal jellies


   Skills:
 + Level 10.7 Fighting
 * Level 13.6 Axes
 + Level 10.6 Armour
 + Level 8.0 Dodging
 + Level 11.6 Shields
 + Level 5.3 Evocations


You had 13 spell levels left.
You didn't know any spells.

Dungeon Overview and Level Annotations

Branches:
Dungeon (11/15)            Temple (1/1) D:5            Lair (4/6) D:11
  Swamp (0/4) Lair:4       Spider (0/4) Lair:3          Orc (0/2) D:9

Altars:
Ashenzari
Cheibriados
Fedhas
Gozag
Kikubaaqudgha
Nemelex Xobeh
Okawaru
Qazlal
Ru
Sif Muna
Trog
Vehumet
Yredelemnul
Zin
The Shining One

Shops:
D:5 [

Portals:
Volcano: Lair:2

Annotations:
Lair:4 Rupert


Innate Abilities, Weirdness & Mutations

You cannot be hasted, slowed, berserked, paralysed or teleported.
You can dig through walls and to a lower floor.
Your four strong arms can wield two-handed weapons with a shield.
You have a pair of large antennae on your head. (SInv)


Message History

Rupert hits you with a great mace of protection!!!
* * * LOW HITPOINT WARNING * * *
You feel much better. Rupert closely misses you.
You feel very mighty all of a sudden. You block Rupert's attack. x2
You slash Rupert! You burn Rupert.
Rupert is moderately wounded.
Rupert hits you with a great mace of protection!
* * * LOW HITPOINT WARNING * * *
You hit Rupert. You burn Rupert.
Rupert is moderately wounded.
Rupert misses you.
You closely miss Rupert.
Rupert is moderately wounded.
Rupert hits you with a great mace of protection!!
* * * LOW HITPOINT WARNING * * *
You slice Rupert!! You burn Rupert!
Rupert is heavily wounded.
Rupert hits you with a great mace of protection!!
You die...

#.##P..#.#....###..## #
#######.....#.....
####### #....#....P.
#..... #.........P#
#..... #.........##
#...# ##.........## #
#..###.....##....#
...##P##..###....#.##♣#.
......@@.........##♣♣♣♣.
....................♣♣≈§
....................♣♣≈§
.................##.♣§§§
................###♣♣♣§§
....####P##P....#...♣♣§♣
..## ####......#...♣♣♣
.# ##.....+...♣#.
#.....##.>.#..


You could see Rupert (berserk).

Vanquished Creatures
  Josephine (D:10)
  Snorg (D:10)
  The ghost of dipablo the Fighter, a journeyman MiFi of Okawaru (D:10)
  Harold (D:10)
  2 hydras (Lair:3)
  A catoblepas (Lair:3)
  4 two-headed ogres
  An oklob plant (Lair:3)
  A cyclops (D:11)
  2 black mambas (Lair:3)
  A komodo dragon (Lair:1)
  A spiny frog (Lair:1)
  A kobold demonologist (D:11)
  5 jumping spiders (Lair:3)
  9 trolls
  A hornet (D:9)
  2 tyrant leeches (Lair:4)
  4 blink frogs (Lair:3)
  6 hippogriffs
  2 redbacks (Lair:3)
  5 wraiths
  24 yaks
  Sigmund (D:2)
  A vampire (D:10)
  2 wyverns
  Eustachio (D:6)
  A hungry ghost (D:10)
  A basilisk (Lair:4)
  4 steam dragons
  Menkaure (D:2)
  8 swamp worms (Lair:1)
  8 water moccasins
  8 porcupines
  7 orc warriors
  3 ice beasts
  2 sky beasts
  An eye of draining (D:10)
  A necrophage (D:10)
  2 phantoms
  A black bear (D:11)
  4 ogres
  5 wolves (Lair:4)
  7 crocodiles
  11 centaurs
  4 big kobolds (D:9)
  15 bullfrogs
  2 gnoll sergeants
  6 scorpions
  A wyvern skeleton (D:10)
  53 killer bees
  8 wights
  7 howler monkeys
  11 crimson imps
  10 hounds
  A quasit (D:11)
  3 centaur zombies (D:10)
  A jelly (D:6)
  5 orc priests
  3 centaur skeletons
  13 orc wizards
  A bullfrog skeleton (D:9)
  3 iguanas
  9 worker ants
  2 worker ant zombies
  13 gnolls
  7 adders
  3 shadow imps
  2 oozes
  3 adder skeletons
  15 worms
  3 dart slugs
  4 leopard geckos
  46 orcs
  A ball python (D:7)
  8 bats
  3 giant cockroaches
  9 goblins
  6 hobgoblins
  9 jackals
  24 kobolds
  A quokka (D:9)
  3 frilled lizards
  A giant cockroach zombie (D:6)
  A jackal skeleton (D:2)
  3 quokka skeletons
  5 rats
  3 fungi
  2 plants (Lair:1)
489 creatures vanquished.

Vanquished Creatures (others)
  3 fungi (D:11)
  4 plants
7 creatures vanquished.

Grand Total: 496 creatures vanquished

Notes
Turn   | Place    | Note
-------+----------+-------------------------------------------
     0 | D:1      | Llamajah the Formicid Fighter began the quest for the Orb.
     0 | D:1      | Reached XP level 1. HP: 18/18 MP: 1/1
   104 | D:1      | Reached XP level 2. HP: 23/24 MP: 2/2
   501 | D:2      | Reached XP level 3. HP: 24/29 MP: 3/3
   527 | D:2      | Noticed a phantom
   529 | D:2      | Found a basalt altar of Yredelemnul.
   531 | D:2      | Noticed Menkaure
   536 | D:2      | Found an ancient bone altar of Kikubaaqudgha.
   702 | D:2      | Reached XP level 4. HP: 13/35 MP: 4/4
   994 | D:2      | Found a snail-covered altar of Cheibriados.
  1268 | D:3      | Reached skill level 3 in Axes
  1344 | D:3      | Found a sacrificial altar of Ru.
  1355 | D:3      | Found a stormy altar of Qazlal.
  1548 | D:3      | Found a glowing golden altar of the Shining One.
  1566 | D:3      | Noticed Sigmund
  1601 | D:2      | Killed Sigmund
  1601 | D:2      | Reached skill level 1 in Dodging
  1601 | D:2      | Reached XP level 5. HP: 18/42 MP: 5/5
  1601 | D:2      | Reached XP level 6. HP: 20/48 MP: 6/6
  1870 | D:3      | Reached skill level 4 in Axes
  2720 | D:4      | Reached XP level 7. HP: 47/55 MP: 7/7
  3455 | D:4      | Reached skill level 5 in Axes
  3484 | D:4      | Reached skill level 5 in Shields
  3859 | D:5      | Entered Level 5 of the Dungeon
  3873 | D:5      | Found Cupawauj's Antique Armour Emporium.
  3880 | D:5      | Bought a cloak for 94 gold pieces
  3929 | D:5      | Reached skill level 5 in Armour
  3929 | D:5      | Reached XP level 8. HP: 56/61 MP: 8/8
  4114 | D:5      | Reached skill level 5 in Fighting
  4191 | D:5      | Found a staircase to the Ecumenical Temple.
  4209 | Temple   | Entered the Ecumenical Temple
  4218 | Temple   | Became a worshipper of Warmaster Okawaru
  4500 | D:5      | Found a shattered altar of Ashenzari.
  4600 | D:6      | Reached skill level 6 in Axes
  5193 | D:6      | Noticed Eustachio
  5239 | D:6      | Killed Eustachio
  5239 | D:6      | Reached * piety under Okawaru
  5239 | D:6      | Reached XP level 9. HP: 36/69 MP: 9/9
  5606 | D:6      | Reached skill level 7 in Axes
  6471 | D:7      | Reached ** piety under Okawaru
  6711 | D:7      | Found a flagged portal.
  6719 | D:7      | Reached skill level 8 in Axes
  7210 | D:8      | Noticed a hippogriff
  7223 | D:8      | Killed a hippogriff
  7223 | D:8      | Reached XP level 10. HP: 61/77 MP: 10/10
  7376 | D:8      | Noticed a two-headed ogre
  7387 | D:8      | Killed a two-headed ogre
  7387 | D:8      | Reached *** piety under Okawaru
  7430 | D:8      | Reached skill level 9 in Axes
  7797 | D:8      | Found a sparkling altar of Nemelex Xobeh.
  7797 | D:8      | Found an opulent altar of Gozag.
  8194 | D:9      | Reached skill level 5 in Dodging
  8447 | D:9      | Found a staircase to the Orcish Mines.
  8476 | D:9      | Noticed a two-headed ogre
  8491 | D:9      | Killed a two-headed ogre
  8491 | D:9      | Reached **** piety under Okawaru
  8525 | D:9      | Got a spiked scale mail
  8526 | D:9      | Identified the +4 scale mail "Tagen" {Regen+} (You took it off an orc on level 9 of the Dungeon)
  8570 | D:9      | Reached XP level 11. HP: 86/86 MP: 11/11
  8809 | D:9      | Got a steaming plate armour
  8820 | D:9      | Identified the +2 plate armour "Gashas" {+Fly rPois} (You found it on level 9 of the Dungeon)
  9033 | D:9      | Reached skill level 10 in Axes
  9298 | D:10     | Entered Level 10 of the Dungeon
  9338 | D:10     | Noticed dipablo's ghost (journeyman MiFi)
 10721 | D:10     | Noticed Harold
 10748 | D:10     | Killed Harold
 11034 | D:10     | Noticed Snorg
 11050 | D:10     | Killed Snorg
 11050 | D:10     | Reached ***** piety under Okawaru
 11467 | D:10     | Reached skill level 11 in Axes
 12359 | D:10     | Noticed a two-headed ogre
 12374 | D:9      | Killed a two-headed ogre
 12374 | D:9      | Reached XP level 12. HP: 68/94 MP: 12/12
 12745 | D:2      | Killed Menkaure
 12761 | D:2      | Got a black opal-encrusted plate armour
 12819 | D:2      | Identified the +1 plate armour of Least Resistance {rPois MR+ SInv Stlth+} (You found it on level 2 of the Dungeon)
 13139 | D:10     | Noticed a two-headed ogre
 13171 | D:9      | Killed a two-headed ogre
 13816 | D:10     | Reached skill level 10 in Shields
 13868 | D:10     | Received a gift from Okawaru
 14144 | D:10     | Reached skill level 1 in Evocations
 14538 | D:10     | Killed dipablo's ghost
 14538 | D:10     | Reached skill level 12 in Axes
 14637 | D:10     | Noticed Josephine
 14648 | D:10     | Killed Josephine
 14806 | D:10     | Got a scorched great sword {freeze}
 14815 | D:10     | Reached XP level 13. HP: 64/102 MP: 15/15
 15005 | D:11     | Identified the +4 great sword of Nuunkes {freeze, +Blink rElec rC- Int+3} (You took it off a centaur on level 10 of the Dungeon)
 15676 | D:11     | Found a staircase to the Lair.
 15876 | D:11     | Reached skill level 10 in Fighting
 15949 | Lair:1   | Entered Level 1 of the Lair of Beasts
 16133 | Lair:1   | Received a gift from Okawaru
 16143 | Lair:1   | Reached skill level 10 in Armour
 17669 | Lair:2   | Found a dark tunnel.
 18261 | Lair:3   | Reached skill level 13 in Axes
 18278 | Lair:3   | Received a gift from Okawaru
 18279 | Lair:3   | Noticed a four-headed hydra
 18289 | Lair:3   | Killed a one-headed hydra
 18294 | Lair:3   | Got a dazzling chain mail {god gift}
 18345 | Lair:3   | Found a hole to the Spider Nest.
 18548 | Lair:3   | Noticed a catoblepas
 18556 | Lair:3   | Killed a catoblepas
 18658 | Lair:3   | Reached skill level 5 in Evocations
 18897 | Lair:3   | Reached XP level 14. HP: 83/111 MP: 17/17
 20168 | Lair:4   | Found a staircase to the Swamp.
 20188 | Lair:4   | Noticed Rupert
 20208 | Lair:4   | Annihilated by Rupert

Skill      XL: |  1  2  3  4  5  6  7  8  9 10 11 12 13 14 |
---------------+-------------------------------------------+-----
Shields        | 4 5 6 7 8 9 10 11 | 11.6
Armour         | 4 5 6 7 8 9 10 | 10.6
Axes           | 3 4 5 6 8 9 11 12 13 | 13.6
Fighting       | 4 5 6 7 8 9 10 | 10.7
Dodging        | 1 2 3 4 5 6 7 8 |  8.0
Evocations     | 2 5 |  5.3

Action                   |  1- 3 |  4- 6 |  7- 9 | 10-12 | 13-15 || total
-------------------------+-------+-------+-------+-------+-------++-------
Melee: War axe           |    83 |   119 |   487 |  1164 |   185 ||  2038
       Battleaxe         |       |       |       |       |   339 ||   339
Invok: Heroism           |       |       |       |    13 |     1 ||    14
       Finesse           |       |       |       |     2 |       ||     2
 Abil: Dig               |       |       |       |     5 |     1 ||     6
  Use: Potion            |     1 |     1 |     4 |     9 |     4 ||    19
       Scroll            |       |       |    11 |     1 |     1 ||    13
 Stab: Invisible         |       |       |       |    10 |       ||    10
  Eat: Chunk             |       |     6 |    15 |    17 |    18 ||    56
       Royal jelly       |       |       |       |     4 |       ||     4
       Fruit             |       |       |       |     4 |       ||     4
Armor: Scale mail        |    51 |    49 |   114 |    50 |       ||   264
       Plate armour      |       |       |       |   311 |   163 ||   474
Dodge: Dodged            |    37 |    49 |   210 |   568 |   158 ||  1022
Block: Shield            |    48 |    82 |   252 |   813 |   441 ||  1636
       Reflection        |       |       |       |       |     1 ||     1
